 Dungeon Crawl Stone Soup version 0.31-a0-175-g9f7f995f2b (webtiles) character file.

Game seed: 5026867537633041898

88591 qw the Peltast (level 15, -4/96 HPs)
             Began as a Gargoyle Fighter on June 16, 2023.
             Was a High Priest of Okawaru.
             Slain by a phantasmal warrior (7 damage)
             ... led by a death knight
             ... on level 15 of the Dungeon.
             The game lasted 00:13:41 (22599 turns).

qw the Peltast (Gargoyle Fighter)                  Turns: 22599, Time: 00:13:42

Health: -4/96      AC: 31    Str: 31    XL:     15   Next: 94%
Magic:  22/22      EV: 10    Int: 11    God:    Okawaru [*****.]
Gold:   711        SH: 20    Dex:  9    Spells: 14/14 levels left

rFire   . . .        Y - +1 broad axe (flame)
rCold   + + +        c - +0 tower shield
rNeg    + . .        r - +0 plate armour
rPois   inf          h - +2 helmet
rElec   +            w - scarf of True Grit {repulsion, -Cast rElec rC++ Stlth+}
rCorr   .            m - +2 pair of gloves
SInv    .            z - +2 pair of boots
Will    +....        o - amulet of the acrobat Stlth
                     b - ring of protection from cold
HPRegen 0.36/turn    s - +6 ring of strength
MPRegen 0.18/turn

%: no spellcasting, repel missiles, acrobat
@: heroic, corroded, flying
A: sickness immunity, AC +11, big wings, negative energy resistance 1,
electricity resistance, torment resistance 1, petrification resistance
a: Renounce Religion, Heroism, Finesse, Duel


You were on level 15 of the Dungeon.
You worshipped Okawaru.
Okawaru was extremely pleased with you.
You visited 2 branches of the dungeon, and saw 20 of its levels.
You also visited: Ossuary.

You collected 1373 gold pieces.
You spent 662 gold pieces at shops.


Innate Abilities, Weirdness & Mutations

You are immune to sickness and miasma.
Your stone body is resilient. (AC +11)
You are immune to poison.
Your large and strong wings let you fly.
You resist negative energy. (rN+)
You are resistant to electric shocks. (rElec)
You are resistant to unholy torment.
You are immune to petrification.


   Skills:
 + Level 11.8(16.8) Fighting
 - Level 15.0(20.0) Axes
 - Level 6.0(11.0) Throwing
 - Level 11.0(16.0) Armour
 - Level 2.4(7.4) Dodging
 - Level 16.0(21.0) Shields
 - Level 10.0 Invocations


You had 14 spell levels left.
You didn't know any spells.
Your spell library was empty.

Inventory:

Hand Weapons
 Y - a +1 broad axe of flaming (weapon)
Armour
 c - a +0 tower shield (worn)
 f - a +1 cloak
 h - a +2 helmet (worn)
 l - the +5 ring mail of Kinupeischi {rElec rF- rC+ Will+}
   (You found it on level 11 of the Dungeon)

   rF:        It makes you vulnerable to fire.
   rC:        It protects you from cold.
   rElec:     It insulates you from electricity.
   Will:      It increases your willpower.
 m - a +2 pair of gloves (worn)
 r - a +0 plate armour (worn)
 t - +0 acid dragon scales
 w - the scarf of True Grit (worn) {repulsion, -Cast rElec rC++ Stlth+}
   (Okawaru gifted it to you on level 12 of the Dungeon)

   rC:        It greatly protects you from cold.
   rElec:     It insulates you from electricity.
   -Cast:     It prevents spellcasting.
   Stlth:     It makes you more stealthy.
 z - a +2 pair of boots (worn)
Jewellery
 b - a ring of protection from cold (left hand)
 o - an amulet of the acrobat (around neck)
 s - a +6 ring of strength (right hand)
Scrolls
 a - 4 scrolls of identify
Potions
 d - 3 potions of might
 e - 2 potions of lignification
 g - 4 potions of attraction
 i - 5 potions of mutation
 k - 3 potions of resistance
 n - 8 potions of curing
 u - 2 potions of haste
 v - a potion of magic

Dungeon Overview and Level Annotations

Branches:
Dungeon (15/15)            Temple (0/1) D:6            Lair (5/5) D:10
 Shoals (0/4) Lair:2        Snake (0/4) Lair:3        Slime (0/5) Lair:5
    Orc (0/2) D:10         Vaults (0/5) D:13        Ossuary (visited)
 Depths: D:15

Altars:
Ashenzari
Cheibriados
Gozag
Hepliaklqana
Kikubaaqudgha
Okawaru
Qazlal
Ru
Sif Muna
Trog
Vehumet
Xom
Zin
The Shining One
Jiyva

Shops:
D:4 (   D:8 (!   D:10 [*?((

Portals:
Ice
Cave: D:15

Annotations:
D:4 2 transporters, qw's ghost, amateur GrFi
Lair:1 3 runed translucent doors, qw's ghost, journeyman GrFi
Lair:4 3 runed translucent doors, Aricsoirch's ghost, journeyman GrFi
Lair:5 2 runed translucent doors


Message History

You barely miss the centaur warrior simulacrum.
The centaur warrior simulacrum is lightly damaged.
You block the centaur warrior simulacrum's attack.
The centaur warrior simulacrum barely misses you.
You slash the centaur warrior simulacrum!
You melt the centaur warrior simulacrum.
The centaur warrior simulacrum is heavily damaged.
You block the centaur warrior simulacrum's attack.
The centaur warrior simulacrum kicks you but does no damage.
You slash the centaur warrior simulacrum!
You melt the centaur warrior simulacrum!
The centaur warrior simulacrum vaporises!
Okawaru accepts your kill.
You start resting.
Your surroundings suddenly seem different. 2 phantasmal warriors come into view.
Enter note: The phantasmal warrior gestures at you.
The phantasmal warrior blinks!
The phantasmal warrior gestures at you.
The phantasmal warrior blinks!
You hit the phantasmal warrior but do no damage.
You block the phantasmal warrior's attack.
The phantasmal warrior gestures at you.
The phantasmal warrior blinks!
You barely miss the phantasmal warrior.
The phantasmal warrior hits you but does no damage.
You hit the phantasmal warrior. You burn the phantasmal warrior.
The phantasmal warrior is lightly damaged.
You slash the phantasmal warrior! You burn the phantasmal warrior.
You block the phantasmal warrior's attack.
The phantasmal warrior hits you but does no damage.
You hit the phantasmal warrior but do no damage.
The phantasmal warrior is heavily damaged.
You barely miss the phantasmal warrior. You slash the phantasmal warrior!
You burn the phantasmal warrior.
The phantasmal warrior is severely damaged.
You hit the phantasmal warrior. You burn the phantasmal warrior.
The phantasmal warrior hits you! x2
You die...

#.# #.# #.#
... # #.# #
##.##.##.###.
#....WW......
#@# #.# ...
##.## # #.#
#. #.#
####.## ..#
.#.#.#.# ###
.#.#.#.#.
##.#.#.#.#


You could see 2 phantasmal warriors.

Vanquished Creatures
  Kirke (Lair:3)
  Nessos (Lair:3)
  A yaktaur captain (D:13)
  Josephine (Lair:5)
  A fire dragon (Lair:3)
  8 hydras
  A great orb of eyes (D:14)
  3 centaur warriors
  6 boulder beetles
  8 two-headed ogres
  11 death yaks
  3 tengu warriors
  A skyshark (Lair:2)
  2 lindwurms
  16 ugly things
  A cyclops (D:13)
  6 manticores
  A salamander (shapeshifter) (D:12)
  2 oklob plants
  2 ice statues (D:15)
  4 black mambas
  A black mamba (shapeshifter) (D:13)
  18 elephants
  4 gargoyles
  2 molten gargoyles (Lair:5)
  2 efreet
  13 cane toads
  2 unseen horrors (D:11)
  A kobold demonologist (D:13)
  5 yaktaurs
  9 komodo dragons
  3 tengu conjurers
  5 trolls
  2 hornets
  2 meliai (shapeshifter) (D:13)
  Grinder (D:3)
  7 blink frogs (Lair:5)
  10 dream sheep
  3 shadows
  A centaur simulacrum (D:15)
  Sigmund (D:5)
  4 slime creatures (D:12)
  9 wyverns
  8 wraiths
  2 water elementals (D:13)
  50 yaks
  5 hogs (Lair:3)
  6 basilisks
  2 steam dragons
  A redback (D:14)
  A human (Lair:3)
  Grum (D:8)
  9 vampire mosquitoes
  2 nagas (Lair:3)
  3 acid dragons
  5 hell hounds (Lair:5)
  Duvessa (D:6)
  21 water moccasins
  A sky beast (D:7)
  3 orc warriors
  An ice beast (D:6)
  3 black bears
  2 ogres (D:6)
  11 centaurs
  22 wolves
  3 phantoms
  Blork the orc (D:4)
  2 kobold brigands
  12 bullfrogs
  An elf zombie (Ossuary)
  2 gnoll sergeants
  3 scorpions
  8 wights
  Dowan (D:6)
  10 killer bees (D:10)
  8 electric eels
  8 howler monkeys
  5 lava snakes (Lair:5)
  A human zombie (Ossuary)
  4 gnoll boudas
  2 sleepcaps
  2 orc priests
  2 jellies
  An iguana (D:4)
  8 orc wizards
  3 hound zombies (Ossuary)
  4 mummies (Ossuary)
  25 gnolls
  8 adders
  2 shadow imps
  A white imp (D:7)
  2 ufetubi (D:5)
  An adder zombie (Ossuary)
  A worm (D:4)
  4 dart slugs
  35 orcs
  8 ball pythons
  7 endoplasms
  6 giant cockroaches
  A gnoll zombie (Ossuary)
  2 goblins
  14 hobgoblins
  2 jackals (D:2)
  4 quokkas
  8 bats
  2 frilled lizards (D:2)
  A goblin zombie (Ossuary)
  2 hobgoblin zombies (Ossuary)
  A jackal zombie (Ossuary)
  15 kobolds
  An orc zombie (Ossuary)
  A rat (D:1)
590 creatures vanquished.

Vanquished Creatures (others)
  A vampire (D:13)
1 creature vanquished.

Grand Total: 591 creatures vanquished

Notes
Turn   | Place    | Note
-------+----------+-------------------------------------------
     0 | D:1      | qw the Gargoyle Fighter began the quest for the Orb.
     0 | D:1      | Reached XP level 1. HP: 14/14 MP: 1/1
     0 | D:1      | 0 ||| qw: Version: 0.2-a-29-g511e9b1
     0 | D:1      | 0 ||| qw: Game counter: 5737
     0 | D:1      | 0 ||| qw: Always use a shield: true
     0 | D:1      | 0 ||| qw: God list: Okawaru
     0 | D:1      | 0 ||| qw: Allow faded altars: false
     0 | D:1      | 0 ||| qw: Do Orc after D:15 true
     0 | D:1      | 0 ||| qw: Do second Lair branch before Depths: true
     0 | D:1      | 0 ||| qw: Lair rune preference: random
     0 | D:1      | 0 ||| qw: Plans: Normal, Zot:1-4, Slime:5, God:TSO, Crypt,
                  | Tomb, Abyss, Pan, Hells, Win
     0 | D:1      | 0 ||| PLANNING D:1-11
    43 | D:1      | Reached XP level 2. HP: 12/19 MP: 2/2
   238 | D:1      | Reached skill level 3 in Axes
   364 | D:1      | Reached XP level 3. HP: 23/23 MP: 3/3
   717 | D:1      | 717 ||| Stepping ~*~*~tactically~*~*~ (hiding).
  1039 | D:1      | 1039 ||| DROPPING ring of wizardry.
  1040 | D:1      | 1040 ||| READING 2 scrolls labelled ABINUAKLYUFF.
  1041 | D:1      | 1041 ||| READING scroll labelled FUSIUJE SOMUE.
  1042 | D:1      | 1042 ||| READING scroll labelled XEIVOCR CEWAMM.
  1169 | D:2      | Reached XP level 4. HP: 28/28 MP: 4/4
  1218 | D:2      | Found a hazy altar of Hepliaklqana.
  2002 | D:2      | 2002 ||| DROPPING orb of energy.
  2003 | D:2      | 2003 ||| UPGRADING to +0 chain mail.
  2013 | D:2      | 2013 ||| DROPPING +0 scale mail.
  2014 | D:2      | 2014 ||| READING 3 scrolls labelled LADECRAANE.
  2015 | D:2      | 2015 ||| READING 2 scrolls labelled XOESOD GAKKOE.
  2020 | D:2      | 2020 ||| DROPPING 2 scrolls of vulnerability.
  2134 | D:3      | 2134 ||| Stepping ~*~*~tactically~*~*~ (hiding).
  2152 | D:3      | Reached XP level 5. HP: 32/32 MP: 5/5
  2182 | D:3      | 2182 ||| DROPPING +0 club.
  2357 | D:3      | 2357 ||| DROPPING +0 mace.
  2376 | D:3      | Noticed Grinder
  2377 | D:3      | 2377 ||| Stepping ~*~*~tactically~*~*~ (hiding).
  2393 | D:3      | Killed Grinder
  2394 | D:3      | Reached XP level 6. HP: 25/41 MP: 6/6
  2591 | D:3      | Found a broken altar of Ashenzari.
  2657 | D:3      | 2657 ||| Stepping ~*~*~tactically~*~*~ (hiding).
  2661 | D:3      | 2661 ||| Stepping ~*~*~tactically~*~*~ (hiding).
  2664 | D:3      | 2664 ||| Stepping ~*~*~tactically~*~*~ (hiding).
  2665 | D:3      | 2665 ||| Stepping ~*~*~tactically~*~*~ (hiding).
  2953 | D:3      | 2953 ||| UPGRADING to +0 kite shield.
  2963 | D:3      | 2963 ||| DROPPING +0 buckler.
  2964 | D:3      | 2964 ||| UPGRADING to +0 cloak.
  2969 | D:3      | 2969 ||| READING scroll labelled ZITRUOTEXT.
  2970 | D:3      | 2970 ||| READING scroll labelled PUV MOPPAQOENU.
  2971 | D:3      | 2971 ||| DRINKING 2 red potions.
  2999 | D:4      | Reached XP level 7. HP: 44/45 MP: 7/7
  2999 | D:4      | 2999 ||| Stepping ~*~*~tactically~*~*~ (stealth).
  3007 | D:4      | Reached skill level 4 in Shields
  3115 | D:4      | Reached skill level 5 in Shields
  3160 | D:4      | Noticed Blork the orc
  3173 | D:4      | Killed Blork the orc
  3235 | D:4      | Found a transporter.
  3261 | D:4      | Found a transporter.
  3263 | D:4      | Noticed qw's ghost (amateur GrFi)
  3275 | D:4      | 3275 ||| Stepping ~*~*~tactically~*~*~ (stealth).
  3299 | D:4      | Found Ceterphi's Antique Weapon Boutique.
  3326 | D:4      | 3326 ||| Stepping ~*~*~tactically~*~*~ (stealth).
  3327 | D:4      | 3327 ||| Stepping ~*~*~tactically~*~*~ (stealth).
  3328 | D:4      | 3328 ||| Stepping ~*~*~tactically~*~*~ (stealth).
  3380 | D:4      | Found a hazy altar of Hepliaklqana.
  3389 | D:4      | Found an iron altar of Okawaru.
  3390 | D:4      | 3390 ||| PLANNING OKAWARU WORSHIP
  3390 | D:4      | 3390 ||| UPGRADING to +0 tower shield.
  3400 | D:4      | 3400 ||| DROPPING +0 kite shield.
  3401 | D:4      | 3401 ||| UPGRADING to +1 helmet.
  3406 | D:4      | 3406 ||| READING scroll labelled SIUSHR HINY.
  3407 | D:4      | 3407 ||| DRINKING 2 ruby potions.
  3408 | D:4      | 3408 ||| READING 2 scrolls of identify.
  3408 | D:4      | 3408 ||| IDENTIFYING sapphire potion
  3409 | D:4      | 3409 ||| DROPPING potion of berserk rage.
  3410 | D:4      | Found a glowing golden altar of the Shining One.
  3411 | D:4      | Found a snail-covered altar of Cheibriados.
  3413 | D:4      | Became a worshipper of Warmaster Okawaru
  3414 | D:4      | 3414 ||| PLANNING D:1-11
  3415 | D:4      | Found a bloodstained altar of Trog.
  3415 | D:4      | Found an opulent altar of Gozag.
  3419 | D:4      | Found a shimmering blue altar of Sif Muna.
  3532 | D:5      | Entered Level 5 of the Dungeon
  3544 | D:5      | 3544 ||| Stepping ~*~*~tactically~*~*~ (hiding).
  3545 | D:5      | 3545 ||| Stepping ~*~*~tactically~*~*~ (hiding).
  3554 | D:5      | 3554 ||| DRINKING potion of curing.
  3554 | D:5      | 3554 ||| (to cure confusion)
  3578 | D:5      | Noticed Sigmund
  3613 | D:5      | Killed Sigmund
  3613 | D:5      | Reached * piety under Okawaru
  3614 | D:5      | Reached skill level 6 in Shields
  3614 | D:5      | Reached XP level 8. HP: 17/51 MP: 8/8
  3719 | D:5      | 3719 ||| Stepping ~*~*~tactically~*~*~ (stealth).
  3761 | D:5      | Reached skill level 7 in Shields
  3761 | D:5      | Reached skill level 1 in Invocations
  3787 | D:5      | Found a stormy altar of Qazlal.
  3822 | D:5      | 3822 ||| INVOKING Heroism.
  3897 | D:5      | 3897 ||| Stepping ~*~*~tactically~*~*~ (stealth).
  3956 | D:5      | 3956 ||| INVOKING Heroism.
  3957 | D:5      | 3957 ||| Stepping ~*~*~tactically~*~*~ (hiding).
  3967 | D:5      | Reached skill level 3 in Invocations
  3968 | D:5      | 3968 ||| INVOKING Heroism.
  4069 | D:5      | Reached skill level 8 in Shields
  4251 | D:5      | 4251 ||| UPGRADING to ring of protection from cold.
  4264 | D:6      | 4264 ||| PLANNING OSSUARY
  4286 | D:6      | 4286 ||| INVOKING Heroism.
  4355 | D:6      | Found a staircase to the Ecumenical Temple.
  4377 | D:6      | Noticed Duvessa
  4378 | D:6      | 4378 ||| Stepping ~*~*~tactically~*~*~ (stealth).
  4379 | D:6      | Noticed Dowan
  4380 | D:6      | 4380 ||| Stepping ~*~*~tactically~*~*~ (stealth).
  4381 | D:6      | Noticed a hornet
  4382 | D:6      | 4382 ||| Stepping ~*~*~tactically~*~*~ (stealth).
  4384 | D:6      | 4384 ||| INVOKING Heroism.
  4390 | D:6      | Reached skill level 9 in Shields
  4390 | D:6      | Reached XP level 9. HP: 48/55 MP: 9/12
  4392 | D:6      | Killed a hornet
  4392 | D:6      | Reached ** piety under Okawaru
  4393 | D:6      | Reached skill level 6 in Axes
  4398 | D:6      | Killed Duvessa
  4411 | D:6      | 4411 ||| INVOKING Heroism.
  4412 | D:6      | Killed Dowan
  4413 | D:6      | Reached skill level 1 in Dodging
  4428 | D:6      | 4428 ||| DROPPING +0 flail.
  4510 | D:6      | Found a sand-covered staircase.
  4511 | D:6      | 4511 ||| READING 2 scrolls of identify.
  4511 | D:6      | 4511 ||| IDENTIFYING viscous pink potion
  4520 | Ossuary  | Entered an ossuary
  4542 | Ossuary  | 4542 ||| INVOKING Heroism.
  4814 | Ossuary  | 4814 ||| READING 3 scrolls of identify.
  4814 | Ossuary  | 4814 ||| IDENTIFYING fuming white potion
  4815 | Ossuary  | 4815 ||| READING 2 scrolls of identify.
  4815 | Ossuary  | 4815 ||| IDENTIFYING murky black potion
  4816 | Ossuary  | 4816 ||| DROPPING potion of ambrosia.
  4831 | D:6      | 4831 ||| PLANNING D:1-11
  4974 | D:6      | 4974 ||| INVOKING Heroism.
  4983 | D:6      | Reached skill level 10 in Shields
  5016 | D:6      | 5016 ||| UPGRADING to +2 pair of gloves.
  5149 | D:7      | 5149 ||| INVOKING Heroism.
  5218 | D:7      | 5218 ||| READING scroll of enchant armour.
  5218 | D:7      | 5218 ||| ENCHANTING +1 helmet.
  5284 | D:7      | 5284 ||| Stepping ~*~*~tactically~*~*~ (hiding).
  5285 | D:7      | 5285 ||| Stepping ~*~*~tactically~*~*~ (hiding).
  5286 | D:7      | 5286 ||| Stepping ~*~*~tactically~*~*~ (hiding).
  5289 | D:7      | 5289 ||| DRINKING 4 potions of curing.
  5289 | D:7      | 5289 ||| (to cure confusion)
  5290 | D:7      | 5290 ||| Stepping ~*~*~tactically~*~*~ (hiding).
  5293 | D:7      | 5293 ||| INVOKING Heroism.
  5371 | D:7      | Reached skill level 1 in Throwing
  5373 | D:7      | 5373 ||| INVOKING Heroism.
  5495 | D:7      | 5495 ||| INVOKING Heroism.
  5511 | D:7      | Reached XP level 10. HP: 42/60 MP: 13/13
  5673 | D:7      | 5673 ||| INVOKING Heroism.
  6056 | D:8      | Found an ancient bone altar of Kikubaaqudgha.
  6102 | D:8      | 6102 ||| Stepping ~*~*~tactically~*~*~ (stealth).
  6104 | D:8      | 6104 ||| Stepping ~*~*~tactically~*~*~ (stealth).
  6125 | D:8      | 6125 ||| INVOKING Heroism.
  6134 | D:8      | Reached skill level 11 in Shields
  6222 | D:8      | 6222 ||| Stepping ~*~*~tactically~*~*~ (hiding).
  6238 | D:8      | 6238 ||| INVOKING Heroism.
  6254 | D:8      | Noticed a centaur warrior
  6257 | D:8      | Reached skill level 6 in Fighting
  6268 | D:8      | 6268 ||| INVOKING Heroism.
  6268 | D:8      | HP: 15/60 [centaur warrior (5)]
  6269 | D:8      | 6269 ||| READING 5 scrolls of teleportation.
  6272 | D:8      | 6272 ||| READING 4 scrolls of teleportation.
  6276 | D:8      | 6276 ||| FLEEEEING.
  6277 | D:8      | 6277 ||| FLEEEEING.
  6278 | D:8      | 6278 ||| FLEEEEING.
  6279 | D:8      | 6279 ||| FLEEEEING.
  6280 | D:8      | 6280 ||| STAIRDANCE
  6420 | D:7      | 6420 ||| READING scroll labelled VELUMUISAOK.
  6421 | D:7      | 6421 ||| READING scroll labelled BAOLAU DISA.
  6422 | D:7      | 6422 ||| DRINKING 2 golden potions.
  6430 | D:8      | Noticed a manticore
  6431 | D:8      | 6431 ||| INVOKING Heroism.
  6449 | D:8      | Killed a manticore
  6473 | D:8      | 6473 ||| INVOKING Heroism.
  6479 | D:8      | Killed a centaur warrior
  6480 | D:8      | Reached skill level 9 in Axes
  6629 | D:8      | Identified the +7 orcbow of Rioprah {drain, rPois rN++
                  | Int-4}
  6629 | D:8      | Noticed a centaur warrior
  6630 | D:8      | 6630 ||| Stepping ~*~*~tactically~*~*~ (hiding).
  6640 | D:8      | 6640 ||| INVOKING Heroism.
  6649 | D:8      | Killed a centaur warrior
  6649 | D:8      | Reached *** piety under Okawaru
  6676 | D:8      | 6676 ||| FLEEEEING.
  6685 | D:8      | 6685 ||| FLEEEEING.
  6686 | D:8      | 6686 ||| FLEEEEING.
  6687 | D:8      | 6687 ||| FLEEEEING.
  6688 | D:8      | 6688 ||| FLEEEEING.
  6689 | D:8      | 6689 ||| FLEEEEING.
  6690 | D:8      | 6690 ||| FLEEEEING.
  6694 | D:8      | 6694 ||| Stepping ~*~*~tactically~*~*~ (stealth).
  6748 | D:8      | Noticed a manticore
  6749 | D:8      | 6749 ||| Stepping ~*~*~tactically~*~*~ (hiding).
  6750 | D:8      | 6750 ||| Stepping ~*~*~tactically~*~*~ (hiding).
  6753 | D:8      | 6753 ||| INVOKING Heroism.
  6762 | D:8      | Killed a manticore
  6763 | D:8      | Reached XP level 11. HP: 55/64 MP: 12/14
  6837 | D:8      | 6837 ||| DROPPING +1 flail of holy wrath.
  6838 | D:8      | 6838 ||| UPGRADING to +0 broad axe of flaming.
  6839 | D:8      | 6839 ||| DROPPING +0 war axe.
  7045 | D:8      | Reached skill level 12 in Shields
  7101 | D:8      | Noticed Grum
  7102 | D:8      | 7102 ||| INVOKING Heroism.
  7116 | D:8      | Killed Grum
  7257 | D:8      | Identified the +0 spear "Omelette" {speed, rElec rCorr
                  | Str-3 Stlth+}
  7355 | D:8      | 7355 ||| INVOKING Heroism.
  7393 | D:8      | Found Elum's Distillery.
  7394 | D:8      | Found Ofuahiq's Weapon Shop.
  7397 | D:8      | 7397 ||| INVOKING Heroism.
  7447 | D:8      | 7447 ||| BUYING potion of haste (140 gold).
  7447 | D:8      | Bought a potion of haste for 140 gold pieces
  7447 | D:8      | 7447 ||| BUYING potion of heal wounds (70 gold).
  7447 | D:8      | Bought a potion of heal wounds for 70 gold pieces
  7447 | D:8      | 7447 ||| BUYING potion of heal wounds (70 gold).
  7447 | D:8      | Bought a potion of heal wounds for 70 gold pieces
  7447 | D:8      | 7447 ||| BUYING potion of lignification (42 gold).
  7447 | D:8      | Bought a potion of lignification for 42 gold pieces
  7447 | D:8      | 7447 ||| BUYING potion of might (56 gold).
  7447 | D:8      | Bought a potion of might for 56 gold pieces
  7447 | D:8      | 7447 ||| BUYING potion of mutation (112 gold).
  7447 | D:8      | Bought a potion of mutation for 112 gold pieces
  7447 | D:8      | 7447 ||| SHOPLISTING potion of resistance (140 gold, have
                  | 111).
  7606 | D:8      | 7606 ||| INVOKING Heroism.
  7642 | D:8      | 7642 ||| DROPPING +0 cloak of stealth.
  7643 | D:8      | 7643 ||| UPGRADING to +0 plate armour.
  7653 | D:8      | 7653 ||| DROPPING +0 chain mail.
  7654 | D:8      | 7654 ||| READING scroll labelled WOREELARIM.
  7675 | D:9      | 7675 ||| INVOKING Heroism.
  7721 | D:9      | 7721 ||| Stepping ~*~*~tactically~*~*~ (hiding).
  7735 | D:9      | 7735 ||| INVOKING Heroism.
  7768 | D:9      | Reached skill level 6 in Armour
  7982 | D:9      | 7982 ||| Stepping ~*~*~tactically~*~*~ (hiding).
  8287 | D:9      | Noticed a two-headed ogre
  8288 | D:9      | 8288 ||| INVOKING Heroism.
  8294 | D:9      | Killed a two-headed ogre
  8367 | D:9      | 8367 ||| READING scroll of enchant armour.
  8367 | D:9      | 8367 ||| ENCHANTING +0 cloak.
  8549 | D:10     | Entered Level 10 of the Dungeon
  8551 | D:10     | 8551 ||| INVOKING Heroism.
  8562 | D:10     | HP: 16/67 [killer bee (2)]
  8563 | D:10     | 8563 ||| READING 4 scrolls of teleportation.
  8564 | D:10     | 8564 ||| DRINKING 3 potions of heal wounds.
  8574 | D:10     | 8574 ||| INVOKING Heroism.
  8601 | D:10     | 8601 ||| INVOKING Heroism.
  8624 | D:10     | 8624 ||| INVOKING Heroism.
  8624 | D:10     | Noticed a two-headed ogre
  8630 | D:10     | Killed a two-headed ogre
  8636 | D:10     | 8636 ||| INVOKING Heroism.
  8658 | D:10     | 8658 ||| INVOKING Heroism.
  8759 | D:10     | Reached **** piety under Okawaru
  8760 | D:10     | Reached skill level 13 in Shields
  8789 | D:10     | Found a glowing silver altar of Zin.
  8807 | D:10     | Found a staircase to the Lair.
  8807 | D:10     | Noticed an oklob plant
  8808 | D:10     | 8808 ||| INVOKING Heroism.
  8819 | D:10     | Killed an oklob plant
  9001 | D:10     | Found a staircase to the Orcish Mines.
  9042 | D:10     | Found Saufup's Weapon Boutique.
  9116 | D:10     | Found Itehaesm's Antique Armour Boutique.
  9119 | D:10     | 9119 ||| BUYING pair of boots (117 gold).
  9119 | D:10     | Bought a pair of boots for 117 gold pieces
  9119 | D:10     | 9119 ||| SHOPLISTING pair of embroidered boots (195 gold,
                  | have 78).
  9246 | D:10     | Found Sennaud's Magic Scroll Shop.
  9252 | D:10     | 9252 ||| SHOPLISTING scroll of enchant armour (90 gold,
                  | have 78).
  9252 | D:10     | 9252 ||| BUYING scroll of identify (24 gold).
  9252 | D:10     | Bought a scroll of identify for 24 gold pieces
  9278 | D:10     | Found Zasho's Weapon Boutique.
  9316 | D:10     | Found a radiant altar of Vehumet.
  9424 | D:10     | Found Gecziyvo's Assorted Antiques.
  9429 | D:10     | 9429 ||| SHOPLISTING 2 potions of heal wounds (350 gold,
                  | have 54).
  9429 | D:10     | 9429 ||| BUYING coppery potion (31 gold).
  9429 | D:10     | Bought a coppery potion for 31 gold pieces
  9429 | D:10     | 9429 ||| SHOPLISTING runed bronze ring (175 gold, have 23).
  9429 | D:10     | 9429 ||| UPGRADING to +0 pair of boots.
  9434 | D:10     | 9434 ||| PLANNING LAIR
  9434 | D:10     | 9434 ||| UPGRADING to +6 ring of strength.
  9435 | D:10     | 9435 ||| DRINKING 4 coppery potions.
  9436 | D:10     | 9436 ||| READING 2 scrolls of identify.
  9436 | D:10     | 9436 ||| IDENTIFYING black potion
  9437 | D:10     | 9437 ||| DROPPING 3 potions of enlightenment.
  9462 | Lair:1   | Entered Level 1 of the Lair of Beasts
  9471 | Lair:1   | 9471 ||| STAIRDANCE
  9584 | Lair:1   | 9584 ||| Stepping ~*~*~tactically~*~*~ (stealth).
  9615 | Lair:1   | Found a runed translucent gate.
  9615 | Lair:1   | Noticed qw's ghost (journeyman GrFi)
  9616 | Lair:1   | Noticed an 11-headed hydra
  9616 | Lair:1   | Noticed a 12-headed hydra
  9618 | Lair:1   | Found a runed translucent gate.
  9618 | Lair:1   | Found a runed translucent gate.
  9659 | Lair:1   | 9659 ||| INVOKING Heroism.
  9755 | Lair:1   | 9755 ||| Stepping ~*~*~tactically~*~*~ (hiding).
  9762 | Lair:1   | Reached XP level 12. HP: 73/73 MP: 15/15
  9886 | Lair:1   | 9886 ||| INVOKING Heroism.
 10189 | Lair:1   | Reached skill level 6 in Invocations
 10287 | Lair:1   | 10287 ||| INVOKING Heroism.
 10482 | Lair:1   | Received a gift from Okawaru
 10602 | Lair:1   | 10602 ||| FLEEEEING.
 10603 | Lair:1   | 10603 ||| FLEEEEING.
 10606 | Lair:1   | 10606 ||| STAIRDANCE
 10633 | D:10     | 10633 ||| READING 2 scrolls of identify.
 10633 | D:10     | 10633 ||| IDENTIFYING cyan potion
 10634 | D:10     | 10634 ||| DROPPING potion of brilliance.
 10640 | Lair:1   | 10640 ||| INVOKING Heroism.
 11424 | Lair:1   | 11424 ||| Stepping randomly (stuck).
 11448 | Lair:2   | Noticed a skyshark
 11458 | Lair:2   | Killed a skyshark
 11504 | Lair:2   | Noticed a four-headed hydra
 11505 | Lair:2   | 11505 ||| INVOKING Heroism.
 11518 | Lair:2   | Killed a one-headed hydra
 11639 | Lair:2   | Noticed a death yak
 11640 | Lair:2   | 11640 ||| INVOKING Heroism.
 11640 | Lair:2   | Noticed a death yak
 11640 | Lair:2   | Noticed a death yak
 11646 | Lair:2   | Noticed a death yak
 11648 | Lair:2   | Noticed a death yak
 11654 | Lair:2   | Killed a death yak
 11654 | Lair:2   | HP: 17/73 [death yak (8)]
 11655 | Lair:2   | 11655 ||| READING 3 scrolls of teleportation.
 11656 | Lair:2   | 11656 ||| DRINKING 3 potions of heal wounds.
 11742 | Lair:2   | 11742 ||| Stepping ~*~*~tactically~*~*~ (stealth).
 11744 | Lair:2   | 11744 ||| Stepping ~*~*~tactically~*~*~ (stealth).
 11745 | Lair:2   | 11745 ||| Stepping ~*~*~tactically~*~*~ (stealth).
 11747 | Lair:2   | 11747 ||| Stepping ~*~*~tactically~*~*~ (stealth).
 11748 | Lair:2   | 11748 ||| Stepping ~*~*~tactically~*~*~ (stealth).
 11787 | Lair:2   | 11787 ||| Stepping ~*~*~tactically~*~*~ (stealth).
 11789 | Lair:2   | 11789 ||| Stepping ~*~*~tactically~*~*~ (stealth).
 11791 | Lair:2   | 11791 ||| INVOKING Heroism.
 11796 | Lair:2   | Killed a death yak
 11806 | Lair:2   | Killed a death yak
 11811 | Lair:2   | Killed a death yak
 11812 | Lair:2   | Killed a death yak
 11814 | Lair:2   | 11814 ||| Stepping ~*~*~tactically~*~*~ (stealth).
 11886 | Lair:2   | 11886 ||| INVOKING Heroism.
 12004 | Lair:2   | Reached ***** piety under Okawaru
 12064 | Lair:2   | 12064 ||| Stepping ~*~*~tactically~*~*~ (stealth).
 12097 | Lair:2   | Reached skill level 3 in Throwing
 12137 | Lair:2   | Found a staircase to the Shoals.
 12223 | Lair:2   | 12223 ||| INVOKING Heroism.
 12228 | Lair:2   | Reached XP level 13. HP: 43/79 MP: 16/19
 12231 | Lair:2   | Reached skill level 9 in Invocations
 12502 | Lair:2   | 12502 ||| Stepping ~*~*~tactically~*~*~ (stealth).
 12503 | Lair:2   | 12503 ||| Stepping ~*~*~tactically~*~*~ (stealth).
 12624 | Lair:3   | Received a gift from Okawaru
 12625 | Lair:3   | Reached skill level 9 in Fighting
 12804 | Lair:3   | Reached skill level 14 in Shields
 12809 | Lair:3   | Noticed Nessos
 12810 | Lair:3   | 12810 ||| INVOKING Finesse.
 12818 | Lair:3   | 12818 ||| INVOKING Heroism.
 12831 | Lair:3   | HP: 15/80 [Nessos/arrow (17)]
 12831 | Lair:3   | HP: 6/80 [Nessos/arrow (9)]
 12832 | Lair:3   | 12832 ||| READING 3 scrolls of teleportation.
 12833 | Lair:3   | 12833 ||| DRINKING 3 potions of heal wounds.
 12875 | Lair:3   | 12875 ||| INVOKING Heroism.
 13058 | Lair:3   | 13058 ||| INVOKING Heroism.
 13099 | Lair:3   | Noticed a fire dragon
 13100 | Lair:3   | 13100 ||| INVOKING Heroism.
 13101 | Lair:3   | 13101 ||| INVOKING Finesse.
 13117 | Lair:3   | Killed a fire dragon
 13118 | Lair:3   | Reached skill level 9 in Armour
 13369 | Lair:3   | 13369 ||| Stepping ~*~*~tactically~*~*~ (stealth).
 13385 | Lair:3   | Noticed Kirke
 13386 | Lair:3   | 13386 ||| INVOKING Heroism.
 13398 | Lair:3   | 13398 ||| Stepping ~*~*~tactically~*~*~ (stealth).
 13399 | Lair:3   | 13399 ||| Stepping ~*~*~tactically~*~*~ (stealth).
 13405 | Lair:3   | Killed Kirke
 13407 | Lair:3   | 13407 ||| Stepping ~*~*~tactically~*~*~ (stealth).
 13528 | Lair:3   | Found a staircase to the Snake Pit.
 13679 | Lair:3   | 13679 ||| Stepping ~*~*~tactically~*~*~ (stealth).
 13683 | Lair:3   | 13683 ||| Stepping ~*~*~tactically~*~*~ (stealth).
 13686 | Lair:3   | 13686 ||| Stepping ~*~*~tactically~*~*~ (stealth).
 13742 | Lair:3   | 13742 ||| INVOKING Finesse.
 13749 | Lair:3   | Killed Nessos
 13760 | Lair:3   | Reached skill level 12 in Axes
 14088 | Lair:3   | 14088 ||| DRINKING 2 yellow potions.
 14089 | Lair:3   | 14089 ||| DROPPING potion of degeneration.
 14125 | Lair:4   | 14125 ||| INVOKING Heroism.
 14132 | Lair:4   | Received a gift from Okawaru
 14151 | Lair:4   | 14151 ||| INVOKING Finesse.
 14155 | Lair:4   | Received a gift from Okawaru
 14340 | Lair:4   | Found a runed translucent gate.
 14340 | Lair:4   | Found a runed translucent gate.
 14340 | Lair:4   | Found a runed translucent gate.
 14342 | Lair:4   | Noticed an azure jelly
 14343 | Lair:4   | Noticed an azure jelly
 14348 | Lair:4   | Noticed an acid blob
 14348 | Lair:4   | Noticed an azure jelly
 14348 | Lair:4   | Noticed an azure jelly
 14348 | Lair:4   | Noticed Aricsoirch's ghost (journeyman GrFi)
 14348 | Lair:4   | Noticed an azure jelly
 14348 | Lair:4   | Noticed an acid blob
 14349 | Lair:4   | Noticed an acid blob
 14349 | Lair:4   | Noticed an azure jelly
 14349 | Lair:4   | Noticed an azure jelly
 14526 | Lair:4   | 14526 ||| Stepping ~*~*~tactically~*~*~ (hiding).
 14527 | Lair:4   | 14527 ||| INVOKING Heroism.
 14536 | Lair:4   | Gained mutation: Your large and strong wings let you fly.
                  | [Gargoyle growth]
 14536 | Lair:4   | Reached XP level 14. HP: 68/88 MP: 19/21
 14940 | Lair:4   | 14940 ||| INVOKING Heroism.
 15177 | Lair:4   | Found a viscous altar of Jiyva.
 15228 | Lair:4   | 15228 ||| READING scroll labelled JEORYOJUPT.
 15229 | Lair:4   | 15229 ||| READING 3 scrolls of identify.
 15229 | Lair:4   | 15229 ||| IDENTIFYING fuming inky potion
 15230 | Lair:4   | 15230 ||| READING 2 scrolls of identify.
 15230 | Lair:4   | 15230 ||| IDENTIFYING lumpy grey potion
 15231 | Lair:4   | 15231 ||| DROPPING potion of invisibility.
 15254 | Lair:5   | Entered Level 5 of the Lair of Beasts
 15255 | Lair:5   | 15255 ||| PLANNING GAUNTLET
 15255 | Lair:5   | 15255 ||| INVOKING Heroism.
 15405 | Lair:5   | 15405 ||| Stepping ~*~*~tactically~*~*~ (stealth).
 15416 | Lair:5   | Noticed Josephine
 15425 | Lair:5   | Killed Josephine
 15433 | Lair:5   | 15433 ||| INVOKING Heroism.
 15441 | Lair:5   | Received a gift from Okawaru
 15494 | Lair:5   | 15494 ||| FLEEEEING.
 15495 | Lair:5   | 15495 ||| FLEEEEING.
 15496 | Lair:5   | 15496 ||| Stepping ~*~*~tactically~*~*~ (stealth).
 15497 | Lair:5   | 15497 ||| INVOKING Heroism.
 15703 | Lair:5   | 15703 ||| INVOKING Heroism.
 15712 | Lair:5   | Reached skill level 15 in Shields
 15730 | Lair:5   | 15730 ||| RIP GAUNTLET
 15837 | Lair:5   | 15837 ||| PLANNING LAIR
 15843 | Lair:5   | 15843 ||| INVOKING Heroism.
 15950 | Lair:5   | 15950 ||| FLEEEEING.
 15951 | Lair:5   | 15951 ||| FLEEEEING.
 16135 | Lair:5   | 16135 ||| FLEEEEING.
 16136 | Lair:5   | 16136 ||| FLEEEEING.
 16145 | Lair:5   | 16145 ||| STAIRDANCE
 16258 | Lair:5   | 16258 ||| Stepping ~*~*~tactically~*~*~ (stealth).
 16259 | Lair:5   | 16259 ||| Stepping ~*~*~tactically~*~*~ (stealth).
 16260 | Lair:5   | 16260 ||| Stepping ~*~*~tactically~*~*~ (stealth).
 16288 | Lair:5   | Received a gift from Okawaru
 16303 | Lair:5   | 16303 ||| Stepping ~*~*~tactically~*~*~ (hiding).
 16354 | Lair:5   | 16354 ||| INVOKING Heroism.
 16357 | Lair:5   | HP: 20/88 [lindwurm (5)]
 16358 | Lair:5   | 16358 ||| READING 5 scrolls of teleportation.
 16359 | Lair:5   | 16359 ||| DRINKING 2 potions of heal wounds.
 16445 | Lair:5   | 16445 ||| INVOKING Heroism.
 16466 | Lair:5   | 16466 ||| Stepping ~*~*~tactically~*~*~ (stealth).
 16469 | Lair:5   | 16469 ||| Stepping ~*~*~tactically~*~*~ (stealth).
 16616 | Lair:5   | Found a large runed translucent door.
 16616 | Lair:5   | Found a large runed translucent door.
 16620 | Lair:5   | 16620 ||| INVOKING Heroism.
 16646 | Lair:5   | 16646 ||| FLEEEEING.
 16648 | Lair:5   | 16648 ||| FLEEEEING.
 16650 | Lair:5   | 16650 ||| FLEEEEING.
 16651 | Lair:5   | 16651 ||| FLEEEEING.
 16652 | Lair:5   | 16652 ||| FLEEEEING.
 16902 | Lair:5   | 16902 ||| Stepping ~*~*~tactically~*~*~ (stealth).
 17006 | Lair:5   | 17006 ||| INVOKING Heroism.
 17025 | Lair:5   | Found a staircase to the Slime Pits.
 17026 | Lair:5   | Found a viscous altar of Jiyva.
 17130 | Lair:5   | 17130 ||| Stepping ~*~*~tactically~*~*~ (stealth).
 17142 | Lair:5   | 17142 ||| INVOKING Heroism.
 17576 | Lair:5   | 17576 ||| READING scroll labelled WAUPHI IR KERYGUIL.
 17577 | Lair:5   | 17577 ||| PLANNING D:1-11
 17705 | D:11     | 17705 ||| INVOKING Heroism.
 17706 | D:11     | 17706 ||| INVOKING Finesse.
 18006 | D:11     | 18006 ||| Stepping randomly (disturbance).
 18103 | D:11     | 18103 ||| FLEEEEING.
 18291 | D:11     | 18291 ||| Stepping ~*~*~tactically~*~*~ (hiding).
 18521 | D:11     | 18521 ||| INVOKING Heroism.
 18524 | D:11     | Reached XP level 15. HP: 63/94 MP: 19/22
 18533 | D:11     | 18533 ||| Stepping randomly (disturbance).
 18618 | D:11     | Identified the +5 ring mail of Kinupeischi {rElec rF- rC+
                  | Will+}
 18969 | D:11     | 18969 ||| PLANNING D
 19146 | D:12     | 19146 ||| INVOKING Heroism.
 19147 | D:12     | 19147 ||| READING 4 scrolls of teleportation.
 19311 | D:12     | Reached skill level 16 in Shields
 19429 | D:12     | 19429 ||| UPGRADING to amulet of the acrobat.
 19452 | D:12     | Identified the scarf of True Grit {repulsion, -Cast rElec
                  | rC++ Stlth+} (Okawaru gifted it to you on level 12 of the
                  | Dungeon)
 19452 | D:12     | Received a gift from Okawaru
 19671 | D:12     | 19671 ||| INVOKING Heroism.
 19886 | D:12     | 19886 ||| UPGRADING to scarf of True Grit {repulsion, -Cast
                  | rElec rC++ Stlth+}.
 19932 | D:13     | 19932 ||| STAIRDANCE
 19971 | D:13     | 19971 ||| STAIRDANCE
 20021 | D:13     | 20021 ||| INVOKING Heroism.
 20062 | D:13     | 20062 ||| Stepping ~*~*~tactically~*~*~ (stealth).
 20131 | D:13     | 20131 ||| Stepping ~*~*~tactically~*~*~ (stealth).
 20133 | D:13     | 20133 ||| Stepping ~*~*~tactically~*~*~ (stealth).
 20137 | D:13     | 20137 ||| Stepping ~*~*~tactically~*~*~ (stealth).
 20138 | D:13     | 20138 ||| Stepping ~*~*~tactically~*~*~ (stealth).
 20146 | D:13     | 20146 ||| Stepping ~*~*~tactically~*~*~ (stealth).
 20159 | D:13     | Found a gate to the Vaults.
 20297 | D:13     | 20297 ||| Stepping ~*~*~tactically~*~*~ (hiding).
 20501 | D:13     | Identified the +4 sling of Peace {heavy, +Blink Dex+3}
 20815 | D:13     | 20815 ||| UPGRADING to +2 pair of boots.
 20827 | D:13     | 20827 ||| DROPPING +0 pair of boots.
 20842 | D:13     | Found a shimmering altar of Xom.
 20997 | D:13     | 20997 ||| INVOKING Heroism.
 21142 | D:13     | 21142 ||| DROPPING ring of magical power.
 21311 | D:14     | 21311 ||| INVOKING Heroism.
 21324 | D:14     | Reached skill level 6 in Throwing
 21494 | D:14     | 21494 ||| INVOKING Heroism.
 21497 | D:14     | HP: 7/94 [efreet/fireball (19)]
 21498 | D:14     | 21498 ||| READING 3 scrolls of teleportation.
 21499 | D:14     | 21499 ||| DRINKING potion of heal wounds.
 21512 | D:14     | 21512 ||| INVOKING Heroism.
 21579 | D:14     | 21579 ||| INVOKING Heroism.
 21756 | D:14     | 21756 ||| Stepping ~*~*~tactically~*~*~ (stealth).
 21760 | D:14     | 21760 ||| Stepping ~*~*~tactically~*~*~ (stealth).
 21872 | D:14     | Identified the +1 falchion "Xoevveo" {freeze, Str+7 Int+2}
 22065 | D:14     | 22065 ||| Stepping ~*~*~tactically~*~*~ (stealth).
 22129 | D:14     | Found a sacrificial altar of Ru.
 22180 | D:14     | 22180 ||| READING scroll labelled KUQIDIU VIENIN.
 22283 | D:14     | Identified the +4 spear of the Realm of Zot {flame, rF+}
 22293 | D:14     | Reached skill level 15 in Axes
 22341 | D:15     | Entered Level 15 of the Dungeon
 22363 | D:15     | Found a frozen archway.
 22364 | D:15     | 22364 ||| INVOKING Heroism.
 22579 | D:15     | 22579 ||| INVOKING Heroism.
 22579 | D:15     | HP: 24/96 [brown ugly thing (10)]
 22580 | D:15     | 22580 ||| READING 2 scrolls of teleportation.
 22586 | D:15     | 22586 ||| READING scroll of teleportation.
 22599 | D:15     | HP: 3/96 [phantasmal warrior[a death knight] (16)]
 22599 | D:15     | Slain by a phantasmal warrior

Levels and vault maps discovered:
D:1:      minmay_arrival_jagged, layout_basic, minivault_25
D:2:      layout_loops_corners, basic_altar, serial_undead, serial_undead_d,
          serial_undead_c, serial_undead_a, serial_undead_f, nicolae_half_adder
D:3:      layout_basic, nicolae_ashenzari_skybound, interstate_on_off,
          uniq_grinder, uniq_crazy_yiuf_cottage
D:4:      layout_cave_pools, minitemple, gammafunk_ghost_mausoleum,
          serial_shops, nicolae_diamond_shop, uniq_blork_the_orc
D:5:      layout_rooms, marbit_many_paths, uniq_sigmund
D:6:      layout_rooms, minmay_temple_entry_antechambers,
          lightli_ossuary_entry_decrepit_ruins, uniq_duvessa
D:7:      layout_loops_ring, nicolae_hexahallways
D:8:      minmay_the_grid_octo_triangle [minmay_the_grid_octo_concentric,
          minmay_the_grid_octo_prize_single_spiral,
          minmay_the_grid_octo_vomiting_pacman], layout_gridville,
          nicolae_wooded_promenade, uniq_grum
D:9:      layout_loops_corners, fountainhead, dk_noncrumbling_3
D:10:     layout_long_grid, mainiacjoe_overflow_surrounded_room,
          mainiacjoe_overflow_chevrons, dpeg_oklobed_lair, orc_0_dummy,
          serial_shops, kennysheep_little_box,
          nicolae_shop_bloodbath_and_beyond, shop, nicolae_shop_real_fake_doors,
          shop
D:11:     layout_gridville
D:12:     layout_loops_ring, serial_co_window_serial, co_window_paths_b,
          co_window_corner_a, co_window_paths_b, co_window_corner_a,
          co_window_cross_1, co_window_2corner, co_window_corner_ca,
          co_window_of_opportunity_c, glass_columns_c, glass_columns_b,
          glass_columns_b, glass_columns_a
D:13:     nzn_winding_woodlands_small [nzn_winding_woodlands_5x15_crooked,
          nzn_winding_woodlands_center_lodge, nzn_winding_woodlands_5x15_eye],
          layout_basic, david_vaults_2, serial_bayou_pond_c, tgw_xom
D:14:     minmay_tri_box, layout_rooms, nicolae_ru_path_of_blood,
          kennysheep_cross_bottleneck
D:15:     grunt_enter_depths_giant_problem, layout_loops_ring, minivault_23,
          serial_ice, serial_ice_m, serial_ice_d, serial_ice_o, serial_ice_f,
          serial_ice_b, serial_ice_c, portal_ice_cave_entry_ice_statue_two,
          nzn_wu_jian_council_hall
Lair:1:   minmay_lair_oklob_chamber, layout_loops_ring,
          gammafunk_ghost_hydra_chop
Lair:2:   layout_gridlike, minmay_shoals_entry_centaurs, grunt_megastairs_1,
          serial_bayou_shore_b, infiniplex_staircase_pool, lemuel_fruit_tree
Lair:3:   dragon1_lemuel, layout_regular_city, guppyfry_snake_entry_island,
          uniq_nessos, uniq_kirke
Lair:4:   layout_long_grid, gammafunk_ghost_ooze
Lair:5:   cheibrodos_lair_end_hotspot, layout_gridlike, slime_entry_1,
          gauntlet_entry_generic, uniq_josephine

Skill      XL: |  1  2  3  4  5  6  7  8  9 10 11 12 13 14 15 |
---------------+----------------------------------------------+-----
Axes           | 2 3 4 5 7 9 10 11 12 14 15 | 15.0
Fighting       | 5 6 8 10 11 | 11.8
Shields        | 6 9 10 11 13 14 15 16 | 16.0
Invocations    | 4 5 8 10 | 10.0
Dodging        | 1 2 |  2.4
Armour         | 4 5 7 8 9 10 11 | 11.0
Throwing       | 1 3 6 |  6.0

Action                     |  1- 3 |  4- 6 |  7- 9 | 10-12 | 13-15 || total
---------------------------+-------+-------+-------+-------+-------++-------
  Melee: War axe           |    97 |   146 |   340 |   187 |       ||   770
         Broad axe         |       |       |       |   533 |  1188 ||  1721
  Throw: Boomerang         |       |       |     2 |     2 |    73 ||    77
         Javelin           |       |       |       |     7 |    36 ||    43
 Invoke: Heroism           |       |       |    12 |    31 |    30 ||    73
         Finesse           |       |       |       |       |     5 ||     5
    Use: Scroll            |     3 |     4 |     6 |    10 |    11 ||    34
         Potion            |       |     1 |     3 |     4 |     4 ||    12
   Stab: Distracted        |       |       |       |       |     1 ||     1
 Armour: Scale mail        |    48 |    14 |       |       |       ||    62
         Chain mail        |       |    70 |   200 |   154 |       ||   424
         Plate armour      |       |       |       |   290 |   590 ||   880
  Dodge: Dodged            |    46 |    40 |    72 |   175 |   279 ||   612
         Repelled          |       |       |       |       |     4 ||     4
  Block: Buckler           |    16 |    12 |       |       |       ||    28
         Kite shield       |       |     7 |    21 |       |       ||    28
         Tower shield      |       |       |   247 |   714 |  1058 ||  2019

Table legend:
 A = Non-vault XP
 B = Vault XP
 C = Vault XP percentage of total XP
 D = Non-vault monster count
 E = Vault monster count
 F = Vault count percentage of total count
                 A         B        C        D         E       F
            +---------+---------+-------+---------+---------+-------
      Total |   91267 |   35292 |  27.9 |     456 |     134 |  22.7
            +---------+---------+-------+---------+---------+-------
        D:1 |      68 |       0 |   0.0 |      30 |       0 |   0.0
        D:2 |      36 |      40 |  52.6 |      13 |       3 |  18.8
        D:3 |     135 |     286 |  67.9 |      15 |       1 |   6.2
        D:4 |     334 |     100 |  23.0 |      19 |       1 |   5.0
        D:5 |     666 |     338 |  33.7 |      16 |       2 |  11.1
        D:6 |    1033 |     212 |  17.0 |      20 |       2 |   9.1
        D:7 |    1694 |       0 |   0.0 |      35 |       0 |   0.0
        D:8 |    1038 |    4525 |  81.3 |      19 |      19 |  50.0
        D:9 |    2395 |       0 |   0.0 |      28 |       0 |   0.0
       D:10 |    3928 |     527 |  11.8 |      26 |       1 |   3.7
       D:11 |    7369 |       0 |   0.0 |      20 |       0 |   0.0
       D:12 |    7632 |       0 |   0.0 |      27 |       0 |   0.0
       D:13 |    3524 |    9295 |  72.5 |      15 |      25 |  62.5
       D:14 |    8580 |    2242 |  20.7 |      20 |       4 |  16.7
       D:15 |    6209 |    1133 |  15.4 |      11 |       3 |  21.4
     Lair:1 |    2954 |    1055 |  26.3 |      15 |       3 |  16.7
     Lair:2 |    9538 |    2334 |  19.7 |      24 |      12 |  33.3
     Lair:3 |    9783 |    4641 |  32.2 |      32 |      10 |  23.8
     Lair:4 |    8549 |       0 |   0.0 |      18 |       0 |   0.0
     Lair:5 |   15802 |    8280 |  34.4 |      53 |      32 |  37.6
    Ossuary |       0 |     284 | 100.0 |       0 |      16 | 100.0
            +---------+---------+-------+---------+---------+-------
